 Dungeon Crawl Stone Soup version 0.21.1-1-g345015f (webtiles) character file.

193 inc the Scratcher (level 5, 22/22 HPs)
             Began as a Felid Transmuter on Mar 13, 2018.
             Quit the game on level 5 of the Dungeon.
             The game lasted 00:03:59 (3364 turns).

inc the Scratcher (Felid Transmuter)                Turns: 3364, Time: 00:03:59

Health: 22/22      AC:  2    Str:  6    XL:     5   Next: 44%
Magic:  9/9        EV: 25    Int: 14    God:
Gold:   97         SH:  0    Dex: 24    Spells: 5/8 levels left
                                        Lives:  0   Deaths: 1

rFire    . . .     SeeInvis +     - Unarmed
rCold    . . .     Gourm    .   (shield unavailable)
rNeg     . . .     Faith    .   (armour unavailable)
rPois    .         Spirit   .   (helmet unavailable)
rElec    .         Reflect  .   (cloak unavailable)
rCorr    .         Harm     .   (gloves unavailable)
MR       .....                  (boots unavailable)
Stlth    +++.......             (no amulet)
HPRegen  0.07/turn              (no ring)
MPRegen  0.11/turn              (no ring)

@: agile, hasted, very quick
A: very small, no armour, no weapons or thrown items, stealth, claws 1, fangs 3,
see invisible, carnivore, speed 1, shaggy fur 2, slow metabolism 1, sharp paws
a: no special abilities


You were on level 5 of the Dungeon.
You were not hungry.

You visited 1 branch of the dungeon, and saw 5 of its levels.

You collected 97 gold pieces.

Inventory:

Missiles
 a - 6 arrows
Wands
 k - a wand of polymorph (7)
Scrolls
 f - 4 scrolls of teleportation {unknown}
 h - 3 scrolls of identify {unknown}
 n - a scroll of noise {unknown}
 o - a scroll of immolation {unknown}
 p - 2 scrolls of blinking {unknown}
 q - a scroll of amnesia {unknown}
 r - a scroll of enchant armour {unknown}
Potions
 d - 4 potions of curing
Books
 b - a book of Changes

   Spells                             Type                      Level
   a - Beastly Appendage              Transmutation                1
   b - Sticks to Snakes               Transmutation                2
   c - Spider Form                    Transmutation/Poison         3
   d - Ice Form                       Ice/Transmutation            4
   e - Blade Hands                    Transmutation                5
Comestibles
 c - 3 rations


   Skills:
 - Level 1.0 Fighting
 + Level 3.4 Dodging
 - Level 7.1 Unarmed Combat
 - Level 2.0 Spellcasting
 - Level 2.1 Transmutations


You had 5 spell levels left.
You knew the following spells:

 Your Spells              Type           Power        Failure   Level  Hunger
a - Beastly Appendage     Tmut           #.....       10%         1    ##.....
b - Sticks to Snakes      Tmut           #.......     14%         2    ###....


Dungeon Overview and Level Annotations

Branches:
Dungeon (5/15)
 Temple: D:4-7

Altars:
Sif Muna

Annotations:
D:3 Terence


Innate Abilities, Weirdness & Mutations

You cannot wear armour.
You are incapable of wielding weapons or throwing items.
Your paws allow you to move quietly. (Stealth)
You have sharp claws.
You have razor-sharp teeth.
You have supernaturally acute eyesight. (SInv)
You are carnivorous and can eat meat at any time.
You cover ground quickly.
You are covered in thick fur. (AC +2)
You have a slow metabolism.
Your sharp claws are effective at attacking unaware monsters.


Message History

* * * LOW HITPOINT WARNING * * *
You feel sick. The hound misses you.
Your ball python completely misses the hungry ghost.
The hungry ghost closely misses you.
You claw the worker ant!
The worker ant is heavily wounded.
The hound completely misses you. The worker ant bites you!
You die...
You are more poisoned.
The worker ant poisons you!
Your ball python barely misses the hungry ghost.
You are now level 5!
You rejoin the land of the living...
It was a potion of magic.
Magic courses through your body.
It was a potion of agility.
You feel agile all of a sudden.
It was a potion of haste.
You feel yourself speed up.
Okay, then.
You aren't carrying any pieces of jewellery.
Are you sure you want to abandon this character and quit the game? (Confirm with "yes".)

##..........# #.
............# #.
#......)..?# ##
#.!...)....#
#......$...#
#######.#########
#.# ......
...###########.#
######
#....@....S..# #.
#.#########..# #.
#.#.. #..# #.
#.#.# #..# ##
#.#.# #..#
#.#.##### #..#
#.#.#...
#..#########
#####.#.#.#
#.S##....#<#
#<........#
##..##S##.#S#


You could see an adder (wandering).

Vanquished Creatures
  A centaur (D:5)
  A scorpion (D:5)
  A howler monkey (D:4)
  2 orc wizards (D:4)
  3 worker ants
  4 adders
  4 oozes (D:2)
  An adder skeleton (D:4)
  A worm (D:5)
  2 leopard geckos
  3 orcs
  3 goblins
  4 hobgoblins
  6 jackals
  3 quokkas (D:5)
  4 bats
  6 frilled lizards
  3 kobolds
  A leopard gecko zombie (D:5)
  A quokka skeleton (D:5)
  A rat (D:2)
55 creatures vanquished.

Vanquished Creatures (collateral kills)
  An adder (D:5)
1 creature vanquished.

Grand Total: 56 creatures vanquished

Notes
Turn   | Place    | Note
-------+----------+-------------------------------------------
     0 | D:1      | inc the Felid Transmuter began the quest for the Orb.
     0 | D:1      | Reached XP level 1. HP: 9/9 MP: 4/4
   342 | D:2      | Reached XP level 2. HP: 7/12 MP: 6/6
   842 | D:2      | Reached skill level 4 in Unarmed Combat
   914 | D:2      | Reached XP level 3. HP: 12/15 MP: 7/7
  1337 | D:3      | Reached XP level 4. HP: 10/19 MP: 8/8
  1638 | D:3      | Reached skill level 5 in Unarmed Combat
  1692 | D:3      | Noticed Terence
  1762 | D:4      | Reached XP level 5. HP: 22/22 MP: 9/9
  2029 | D:4      | Reached skill level 6 in Unarmed Combat
  2618 | D:4      | Found a deep blue altar of Sif Muna.
  2672 | D:5      | Entered Level 5 of the Dungeon
  2691 | D:5      | Noticed an ice beast
  2748 | D:5      | Noticed a centaur
  2759 | D:5      | Killed a centaur
  2759 | D:5      | Gained mutation: You are covered in thick fur. (AC +2) [Felid growth]
  2759 | D:5      | Reached XP level 6. HP: 6/25 MP: 10/10
  3069 | D:4      | Learned a level 2 spell: Sticks to Snakes
  3183 | D:5      | Reached skill level 7 in Unarmed Combat
  3348 | D:5      | Noticed a hungry ghost
  3360 | D:5      | Slain by a worker ant
  3361 | D:5      | Reached XP level 5. HP: 0/33 MP: 6/9
  3364 | D:5      | Quit the game

Skill      XL: |  1  2  3  4  5  6 |
---------------+-------------------+-----
Unarmed Combat | 4 5 6 7 |  7.1
Dodging        | 3 |  3.4
Fighting       | |  1.0
Spellcasting   | |  2.0
Transmutations | |  2.1

Action                   |  1- 3 |  4- 6 || total
-------------------------+-------+-------++-------
Melee: Unarmed           |   112 |    78 ||   190
       Bite              |     7 |     7 ||    14
       Punch             |       |     6 ||     6
       Headbutt          |       |     4 ||     4
 Cast: Beastly Appendage |     1 |     1 ||     2
       Sticks to Snakes  |       |     6 ||     6
  Use: Potion            |       |     7 ||     7
 Stab: Sleeping          |     5 |     6 ||    11
  Eat: Chunk             |       |     4 ||     4
Armor: Skin              |     8 |     7 ||    15
Dodge: Dodged            |    95 |    75 ||   170
